 Dungeon Sprint DCSS version 0.28-a0-872-g80cf8599ee (webtiles) character file.

Game seed: 277700647128854247

59514 mhtbhm the Slayer (level 14, -13/157 HPs)
             Began as a Minotaur Fighter on Nov 21, 2021.
             Was an Initiate of Gozag.
             Mangled by a vault warden (26 damage)
             ... in the Dungeon (Sprint IX: "|||||||||||||||||||||||||||||").
             The game lasted 00:16:48 (9217 turns).

mhtbhm the Slayer (Minotaur Fighter)                Turns: 9217, Time: 00:16:48

Health: -13/157    AC: 25    Str: 29    XL:     14   Next: 53%
Magic:  22/22      EV: 14    Int:  5    God:    Gozag
Gold:   7343       SH: 14    Dex: 10    Spells: 23/25 levels left

rFire   . . .      SeeInvis .   a - +1 morningstar (holy)
rCold   . . .      Faith    .   c - +0 buckler
rNeg    . . .      Spirit   .   b - +3 plate armour {rPois}
rPois   +          Reflect  +   (helmet restricted)
rElec   .          Harm     .   n - +0 cloak
rCorr   .          Rampage  .   u - +1 pair of gloves
Will    +....      NoTele   +   q - +0 pair of boots
Stlth   ..........              y - amulet of reflection
HPRegen 0.36/turn               p - +3 ring of strength
MPRegen 0.18/turn               o - +2 ring of evasion

@: marked, corroded, gold aura
A: horns 2, retaliatory headbutt
a: Renounce Religion, Potion Petition, Call Merchant, Bribe Branch


You were in the Dungeon.
You worshipped Gozag.
Gozag was greatly pleased with you.
You visited 1 branch You collected 16680 gold pieces.
You spent 2742 gold pieces at shops.
You paid 6595 gold pieces to Gozag.

Inventory:

Hand Weapons
 a - a +1 morningstar of holy wrath (weapon)
 j - a +0 dire flail of holy wrath
Missiles
 A - 5 javelins (quivered)
 F - 3 silver javelins
Armour
 b - a +3 plate armour of poison resistance (worn)
 c - a +0 buckler (worn)
 n - a +0 cloak (worn)
 q - a +0 pair of boots (worn)
 u - a +1 pair of gloves (worn)
Jewellery
 o - a +2 ring of evasion (right hand)
 p - a +3 ring of strength (left hand)
 y - an amulet of reflection (around neck)
 B - a ring of fire
 C - a ring of poison resistance
 D - a ring of protection from cold
Wands
 z - a wand of iceblast (2)
Scrolls
 g - a scroll of holy word
 l - 2 scrolls of amnesia
 r - 4 scrolls of enchant weapon
 s - 2 scrolls of fear
 t - 10 scrolls of enchant armour
 v - 4 scrolls of identify
 x - a scroll of vulnerability
Potions
 d - a potion of brilliance
 e - 5 potions of curing
 f - 2 potions of heal wounds
 h - 4 potions of magic
 i - 2 potions of mutation
 k - a potion of invisibility
 m - 2 potions of resistance
 w - 3 potions of haste
 E - a potion of degeneration {unknown}


   Skills:
 + Level 23.1 Fighting
 + Level 22.7 Maces & Flails
 + Level 2.4 Throwing
 + Level 21.8 Armour
 + Level 9.5 Dodging
 + Level 10.8 Stealth
 + Level 21.2 Shields
 + Level 2.0 Unarmed Combat
 - Level 6.2 Spellcasting
 - Level 7.2 Transmutations
 + Level 3.3 Evocations


You had 23 spell levels left.
You knew the following spells:

 Your Spells              Type           Power      Damage    Failure   Level
a - Wereblood             Tmut           8%         N/A       9%          2

Your spell library contained the following spells:

 Spells                   Type           Power      Damage    Failure   Level
 Beastly Appendage        Tmut           16%        N/A       5%          1
 Spider Form              Tmut/Pois      5%         N/A       58%         3
 Ensorcelled Hibernation  Hex/Ice        2%         N/A       86%         2
 Tukima's Dance           Hex            1%         N/A       97%         3


Dungeon Overview and Level Annotations

Branches:
Dungeon (1/1)

Altars:
Cheibriados
Dithmenos
Elyvilon
Fedhas
Gozag
Hepliaklqana
Kikubaaqudgha
Makhleb
Nemelex Xobeh
Okawaru
Qazlal
Ru
Sif Muna
Trog
Uskayaw
Vehumet
Wu Jian
Xom
Yredelemnul
Zin
The Shining One
Beogh
Jiyva
Lugonu

Shops:
D (*=*?*


Innate Abilities, Weirdness & Mutations

You have a pair of horns on your head.
You reflexively headbutt those who attack you in melee.


Message History

You impale the yaktaur captain!! You headbutt the yaktaur captain.
The yaktaur captain is almost dead.
The entropy weaver is no longer distracted by gold.
You block the yaktaur captain's attack.
Unknown command.
You hit the yaktaur captain but do no damage.
The yaktaur captain is almost dead.
The yaktaur captain hits you!!
* * * LOW HITPOINT WARNING * * *
Unknown command.
Unknown command.
You feel much better. You block the yaktaur captain's attack.
Unknown command.
You bludgeon the yaktaur captain!!
You kill the yaktaur captain!
The ironbound preserver is no longer distracted by gold.
Unknown command.
You impale the entropy weaver!!
The entropy weaver is almost dead.
A peacekeeper comes into view.
The entropy weaver points at you and mumbles some strange words.
The entropic weave corrodes you!
You hit the entropy weaver.
The entropy weaver is almost dead.
Unknown command.
You puncture the entropy weaver!
You kill the entropy weaver!
The vault warden closely misses you.
A vault sentinel comes into view. It is wielding a +0 long sword.
The vault warden hits you with a +0 bardiche!!
* * * LOW HITPOINT WARNING * * *
Things that are here:
207 gold pieces; a +0 arbalest; 22 bolts You thump the vault warden!
You headbutt the vault warden, but do no damage.
The vault warden is lightly wounded.
The vault sentinel blows a loud note on a signal horn!
The vault warden hits you with a +0 bardiche!!
You die...
Your body crumbles into a pile of gold.

.▓.▓)▓.▓[▓.♣.♣.▓.▓
.▓.▓.▓.▓[▓.▓)▓)▓.▓
.▓)▓.▓.▓[▓.▓)▓.▓$▓
.▓.▓)▓.▓[▓.▓.▓.▓.▓
.▓.▓)▓.▓[▓)▓.▓.▓$▓
.▓.▓)▓.▓[▓.▓.▓.▓.▓
.▓.▓)▓.▓[▓.▓.▓.▓.▓
'▓.▓)▓.▓[▓.▓.▓)▓$▓
.▓.▓)▓.▓.▓.▓.▓.▓@▓
.▓.▓)▓.▓.▓)▓.▓.▓p▓
.▓.▓)▓.▓.▓)▓.▓.▓p▓
.▓.▓)▓.▓.▓.▓'▓.▓9▓
.▓.▓.▓.▓.▓.▓)▓.▓$▓
.▓.▓)▓.▓.▓.▓)▓.▓$▓
.▓.▓.▓.▓.▓.▓)▓.▓$▓
.▓.▓.▓.▓.▓.▓)▓)▓p▓
$
.▓.▓)▓.▓[▓.▓.▓.▓.▓


You could see an ironbound preserver, a vault warden, a vault sentinel (catching
breath) and a peacekeeper.

Vanquished Creatures
  Saint Roka (D)
  A lich (D)
  Agnes (D)
  2 nagarajas (D)
  A vault warden (D)
  A very ugly thing (D)
  A spriggan defender (D)
  2 stone giants (D)
  2 ironbound preservers (D)
  3 entropy weavers (D)
  A spark wasp (D)
  A dire elephant (D)
  A bunyip (D)
  An eleionoma (D)
  A merfolk javelineer (D)
  2 fire dragons (D)
  6 ettins (D)
  A yaktaur captain (D)
  2 great orbs of eyes (D)
  2 rakshasas (D)
  A spriggan air mage (D)
  An ice dragon (D)
  A hydra (D)
  A two-headed ogre (D)
  3 boulder beetles (D)
  A catoblepas (D)
  2 centaur warriors (D)
  2 ironbound frosthearts (D)
  A merfolk avatar (D)
  An alligator (D)
  A deep troll shaman (D)
  Urug (D)
  8 orc high priests (D)
  A hell knight (D)
  A salamander mystic (D)
  A swamp dragon (D)
  A harpy (D)
  An ironbound convoker (D)
  5 orc knights (D)
  A wizard (D)
  A necromancer (D)
  A cyclops (D)
  2 wolf spiders (D)
  An orb spider (D)
  A mana viper (D)
  An ugly thing (D)
  A manticore (D)
  2 black mambas (D)
  A naga mage (D)
  3 cane toads (D)
  4 vault sentinels (D)
  An unseen horror (D)
  A yaktaur (D)
  2 rime drakes (D)
  A kobold demonologist (D)
  2 komodo dragons (D)
  A tengu conjurer (D)
  A troll (D)
  4 jumping spiders (D)
  3 merfolk (D)
  A merfolk (shapeshifter) (D)
  A wind drake (D)
  A slime creature (D)
  A tarantella (D)
  2 water elementals (D)
  A human (shapeshifter) (D)
  3 yaks (D)
  A wraith (D)
  A wyvern (D)
  A basilisk (D)
  Eustachio (D)
  Grum (D)
  A steam dragon (D)
  3 wargs (D)
  3 nagas (D)
  A water moccasin (D)
  3 hell hounds (D)
  A swamp drake (D)
  10 orc warriors (D)
  2 black bears (D)
  2 boggarts (D)
  4 wolves (D)
  A scorpion (D)
  3 bullfrogs (D)
  9 orc priests (D)
  6 orc wizards (D)
  An adder (D)
  A dart slug (D)
  6 orcs (D)
  A giant cockroach (D)
  A ball python zombie (D)
  A frilled lizard (D)
  A goblin (D)
  2 kobolds (D)
  A quokka skeleton (D)
181 creatures vanquished.

Vanquished Creatures (others)
  A cyclops (D)
  2 bloated husks (D)
  A tyrant leech (D)
4 creatures vanquished.

Grand Total: 185 creatures vanquished

Notes
Turn   | Place    | Note
-------+----------+-------------------------------------------
     0 | D        | mhtbhm the Minotaur Fighter began the quest for the Orb.
     0 | D        | Reached XP level 1. HP: 19/19 MP: 0/0
    12 | D        | Reached skill level 4 in Fighting
    51 | D        | Noticed a black bear
    51 | D        | Noticed a scorpion
    60 | D        | Killed a black bear
    61 | D        | Reached skill level 6 in Fighting
    61 | D        | Reached skill level 1 in Dodging
    61 | D        | Reached XP level 2. HP: 18/31 MP: 1/1
    61 | D        | Reached XP level 3. HP: 22/38 MP: 2/2
    61 | D        | Reached XP level 4. HP: 26/45 MP: 3/3
    65 | D        | Killed a scorpion
    66 | D        | Reached skill level 7 in Fighting
    66 | D        | Reached skill level 5 in Maces & Flails
    66 | D        | Reached XP level 5. HP: 29/52 MP: 4/4
   203 | D        | Found a snail-covered altar of Cheibriados.
   203 | D        | Found a shadowy altar of Dithmenos.
   203 | D        | Found a white marble altar of Elyvilon.
   203 | D        | Found a blossoming altar of Fedhas.
   203 | D        | Found an opulent altar of Gozag.
   204 | D        | Found a hazy altar of Hepliaklqana.
   205 | D        | Found a viscous altar of Jiyva.
   206 | D        | Found an ancient bone altar of Kikubaaqudgha.
   207 | D        | Found a corrupted altar of Lugonu.
   208 | D        | Found a burning altar of Makhleb.
   209 | D        | Found a sparkling altar of Nemelex Xobeh.
   210 | D        | Found an iron altar of Okawaru.
   211 | D        | Found a stormy altar of Qazlal.
   217 | D        | Became a worshipper of Gozag Ym Sagoz the Greedy
   219 | D        | Found a sacrificial altar of Ru.
   220 | D        | Found a shimmering blue altar of Sif Muna.
   221 | D        | Found a bloodstained altar of Trog.
   222 | D        | Found a hide-covered altar of Uskayaw.
   223 | D        | Found a radiant altar of Vehumet.
   224 | D        | Found an ornate altar of the Wu Jian Council.
   225 | D        | Found a shimmering altar of Xom.
   226 | D        | Found a basalt altar of Yredelemnul.
   227 | D        | Found a glowing silver altar of Zin.
   228 | D        | Found a glowing golden altar of the Shining One.
   276 | D        | Noticed a kobold demonologist
   276 | D        | Noticed a two-headed ogre
   276 | D        | Noticed a wraith
   276 | D        | Noticed a troll
   276 | D        | Noticed a steam dragon
   288 | D        | Killed a kobold demonologist
   289 | D        | Reached skill level 9 in Fighting
   289 | D        | Reached XP level 6. HP: 56/63 MP: 5/5
   297 | D        | Killed a two-headed ogre
   298 | D        | Reached skill level 10 in Fighting
   298 | D        | Reached skill level 10 in Maces & Flails
   298 | D        | Reached skill level 10 in Shields
   298 | D        | Reached XP level 7. HP: 59/73 MP: 6/6
   298 | D        | Reached XP level 8. HP: 65/81 MP: 7/7
   301 | D        | Reached skill level 11 in Fighting
   301 | D        | Reached skill level 1 in Stealth
   305 | D        | Killed a troll
   602 | D        | Noticed a slime creature
   602 | D        | Noticed a centaur warrior
   602 | D        | Noticed a boulder beetle
   606 | D        | Killed a slime creature
   630 | D        | Reached XP level 9. HP: 61/90 MP: 8/8
   635 | D        | Killed a centaur warrior
   636 | D        | Reached skill level 12 in Fighting
   647 | D        | Killed an unseen horror
   676 | D        | Killed a boulder beetle
   677 | D        | Reached skill level 15 in Maces & Flails
   677 | D        | Reached skill level 5 in Dodging
   677 | D        | Reached skill level 1 in Evocations
  1112 | D        | Learned a level 2 spell: Wereblood
  1112 | D        | Noticed a komodo dragon
  1112 | D        | Noticed a cane toad
  1112 | D        | Noticed a komodo dragon
  1112 | D        | Noticed a cane toad
  1112 | D        | Noticed a black mamba
  1116 | D        | Killed a komodo dragon
  1124 | D        | Killed a cane toad
  1125 | D        | Reached skill level 1 in Spellcasting
  1125 | D        | Reached skill level 1 in Transmutations
  1125 | D        | Reached XP level 10. HP: 87/100 MP: 8/10
  1126 | D        | Reached skill level 13 in Fighting
  1137 | D        | Reached skill level 15 in Armour
  1141 | D        | Killed a cane toad
  1149 | D        | Killed a black mamba
  1430 | D        | Noticed a cane toad
  1430 | D        | Noticed a catoblepas
  1461 | D        | Killed a cane toad
  1481 | D        | Killed a catoblepas
  1502 | D        | Reached skill level 14 in Fighting
  1528 | D        | Reached XP level 11. HP: 63/110 MP: 15/15
  1530 | D        | Reached skill level 5 in Stealth
  1855 | D        | Reached skill level 5 in Transmutations
  1914 | D        | Noticed an orc knight
  1914 | D        | Noticed an orc knight
  1914 | D        | Noticed an orc knight
  1920 | D        | Noticed an orc knight
  1922 | D        | Killed an orc knight
  1931 | D        | Noticed an orc knight
  1933 | D        | Killed an orc knight
  1943 | D        | Killed an orc knight
  1950 | D        | Killed an orc knight
  1965 | D        | Killed an orc knight
  1966 | D        | Reached skill level 15 in Fighting
  1966 | D        | Reached skill level 5 in Spellcasting
  2187 | D        | Found Nolutet's Weapon Emporium.
  2187 | D        | Noticed an orc high priest
  2187 | D        | Noticed an orc high priest
  2187 | D        | Noticed an orc high priest
  2198 | D        | Killed an orc high priest
  2203 | D        | Noticed an orc high priest
  2598 | D        | Noticed a soul eater
  2968 | D        | Noticed a sixfirhy
  2983 | D        | Killed an orc high priest
  3115 | D        | Noticed a sixfirhy
  3117 | D        | Noticed a sun demon
  3130 | D        | Killed an orc high priest
  3196 | D        | Killed an orc high priest
  3233 | D        | Noticed an orc high priest
  3259 | D        | Killed an orc high priest
  3324 | D        | Noticed an orc high priest
  3330 | D        | Noticed a sixfirhy
  3334 | D        | Killed an orc high priest
  3348 | D        | Noticed an orc high priest
  3349 | D        | Noticed an orc high priest
  3351 | D        | Noticed a soul eater
  3364 | D        | HP: 2/114 [soul eater/drain life[an orc high priest] (17)]
  3368 | D        | Killed an orc high priest
  3369 | D        | Reached skill level 16 in Fighting
  3369 | D        | Reached skill level 1 in Unarmed Combat
  3382 | D        | Killed an orc high priest
  3383 | D        | Reached XP level 12. HP: 76/122 MP: 20/20
  3389 | D        | Found Sasatovi's Assorted Antiques.
  3393 | D        | Found Epoov's Jewellery Emporium.
  3397 | D        | Found Uhyo's Assorted Antiques.
  3469 | D        | Bought a scroll labelled EMOUHUTAEHI for 20 gold pieces
  3469 | D        | Bought a potion of curing for 60 gold pieces
  3469 | D        | Bought a bubbling silvery potion for 18 gold pieces
  3469 | D        | Bought a scroll labelled PIC UCKAIGU for 20 gold pieces
  3469 | D        | Bought a scroll of fear for 70 gold pieces
  3469 | D        | Bought a scroll labelled PIC UCKAIGU for 20 gold pieces
  3469 | D        | Bought a potion of mutation for 160 gold pieces
  3473 | D        | Bought a potion of haste for 250 gold pieces
  3473 | D        | Bought a potion of haste for 250 gold pieces
  3473 | D        | Bought a scroll labelled PIC UCKAIGU for 25 gold pieces
  3473 | D        | Bought a scroll labelled KAXZA PINN for 25 gold pieces
  3475 | D        | Bought an amulet of reflection for 330 gold pieces
  3493 | D        | Bought a scroll of blinking for 120 gold pieces
  3493 | D        | Bought a scroll of enchant armour for 120 gold pieces
  3493 | D        | Bought a scroll of enchant armour for 120 gold pieces
  3493 | D        | Bought a scroll of identify for 32 gold pieces
  3493 | D        | Bought a scroll of identify for 32 gold pieces
  3493 | D        | Bought a scroll of identify for 32 gold pieces
  3566 | D        | Noticed Eustachio
  3597 | D        | Killed Eustachio
  3625 | D        | Noticed Urug
  3641 | D        | Killed Urug
  3882 | D        | Noticed a boulder beetle
  3882 | D        | Noticed a centaur warrior
  3882 | D        | Noticed a boulder beetle
  3895 | D        | Killed a boulder beetle
  3906 | D        | Killed a boulder beetle
  3918 | D        | Killed a centaur warrior
  3958 | D        | Noticed a fire dragon
  3959 | D        | Reached skill level 17 in Fighting
  3959 | D        | Noticed an ettin
  3964 | D        | Noticed a white very ugly thing
  3968 | D        | Noticed a spark wasp
  3969 | D        | a spark wasp changed into a wolf spider
  3979 | D        | Noticed a rakshasa
  3988 | D        | Killed a red very ugly thing
  4047 | D        | Noticed a two-headed ogre
  4048 | D        | a two-headed ogre changed into an elephant
  4054 | D        | Killed a fire dragon
  4060 | D        | Killed an ettin
  4081 | D        | Killed a rakshasa
  4085 | D        | Noticed a spark wasp
  4095 | D        | Killed a spark wasp
  4096 | D        | Reached skill level 18 in Fighting
  4335 | D        | Noticed Saint Roka
  4367 | D        | Killed Saint Roka
  4526 | D        | Bought a translucent whip for 232 gold pieces
  4526 | D        | Identified the +3 whip "Fesh" {freeze, *Corrode rElec rPois
                  | Stlth+} (You bought it in a shop in the Dungeon)
  4533 | D        | Bought a glowing plate armour for 806 gold pieces
  4554 | D        | Noticed an alligator
  4554 | D        | Noticed a bunyip
  4557 | D        | Noticed a seven-headed hydra
  4565 | D        | Noticed an eleionoma
  4567 | D        | Killed an alligator
  4589 | D        | Killed an eleionoma
  4600 | D        | Reached skill level 15 in Shields
  4600 | D        | Reached XP level 13. HP: 65/136 MP: 21/21
  4617 | D        | Killed a bunyip
  4931 | D        | Noticed a nagaraja
  4931 | D        | Noticed a nagaraja
  4934 | D        | Reached skill level 19 in Fighting
  4947 | D        | Killed a nagaraja
  5400 | D        | Killed a nagaraja
  5742 | D        | Noticed a merfolk javelineer
  5765 | D        | Killed a merfolk javelineer
  5766 | D        | Reached skill level 20 in Fighting
  6203 | D        | Noticed an entropy weaver
  6231 | D        | Killed an entropy weaver
  6734 | D        | Noticed Agnes
  6746 | D        | Killed Agnes
  6942 | D        | Noticed Grum
  6948 | D        | Killed Grum
  6958 | D        | Noticed a fire dragon
  6958 | D        | Noticed an ettin
  6958 | D        | Noticed an ettin
  6962 | D        | Noticed a lich
  6967 | D        | Killed a fire dragon
  6974 | D        | Noticed an ettin
  6977 | D        | Noticed a spriggan defender
  6981 | D        | Killed a lich
  6982 | D        | Reached skill level 10 in Stealth
  7326 | D        | Killed an ettin
  7327 | D        | Reached skill level 21 in Fighting
  7382 | D        | Reached skill level 1 in Throwing
  7386 | D        | Killed an ettin
  7629 | D        | Killed a spriggan defender
  7898 | D        | Killed an ettin
  7909 | D        | Noticed an ettin
  7911 | D        | Noticed an ettin
  7916 | D        | Reached XP level 14. HP: 92/151 MP: 22/22
  7930 | D        | Noticed a stone giant
  7950 | D        | Killed a stone giant
  8295 | D        | Noticed a stone giant
  8305 | D        | Killed a stone giant
  8315 | D        | Paralysed by a great orb of eyes for 3 turns
  8342 | D        | Reached skill level 22 in Fighting
  8343 | D        | Paralysed by a great orb of eyes for 7 turns
  8725 | D        | Noticed an ironbound preserver
  8730 | D        | Noticed an ironbound preserver
  9015 | D        | Killed an ironbound preserver
  9038 | D        | Killed an ironbound preserver
  9173 | D        | Noticed a vault warden
  9186 | D        | Killed a vault warden
  9204 | D        | Reached skill level 23 in Fighting
  9204 | D        | Noticed a vault warden
  9207 | D        | Noticed an ironbound preserver
  9217 | D        | Mangled by a vault warden

Illustrated notes

Levels and vault maps discovered:
D:        linesprint [early_d, line_temple, items_1, d_10, items_2, lair_1,
          lair_end, items_3, orc_1, orc_end, items_4, d_15, swamp_1, shoals_1,
          snake_1, spider_1, d_20, vaults_1, items_5, swamp_end, shoals_end,
          snake_end, spider_end, vaults_end, d_27, items_6, zot_1, zot_end,
          crypt_end, forest_end, elf_end, slime_end, tomb_end, abyss_end,
          pan_hell_end]

Skill      XL: |  1  2  3  4  5  6  7  8  9 10 11 12 13 14 |
---------------+-------------------------------------------+-----
Armour         | 6 7 9 11 13 14 16 17 18 20 21 | 21.8
Shields        | 6 7 9 10 11 12 15 19 21 | 21.2
Fighting       | 6 7 9 10 11 12 14 16 18 21 23 | 23.1
Maces & Flails | 4 5 8 10 13 15 16 18 19 21 22 | 22.7
Dodging        | 1 2 3 4 5 6 8 9 |  9.5
Stealth        | 1 3 4 6 9 10 | 10.8
Evocations     | 1 2 3 |  3.3
Spellcasting   | 1 3 6 |  6.2
Transmutations | 1 4 7 |  7.2
Unarmed Combat | 1 2 |  2.0
Throwing       | 1 2 |  2.4

Action                   |  1- 3 |  4- 6 |  7- 9 | 10-12 | 13-15 || total
-------------------------+-------+-------+-------+-------+-------++-------
Melee: Flail             |    19 |    26 |    79 |   479 |   310 ||   913
       Headbutt          |     4 |     4 |    28 |   125 |   130 ||   291
       Unarmed           |       |       |       |     6 |       ||     6
       Whip              |       |       |       |    42 |    95 ||   137
       Morningstar       |       |       |       |       |    45 ||    45
Throw: Javelin           |       |       |       |       |     4 ||     4
Invok: Potion Petition   |       |       |       |     6 |     3 ||     9
       Call Merchant     |       |       |       |     2 |       ||     2
Evoke: Wand              |       |       |     7 |     3 |       ||    10
  Use: Potion            |       |     1 |     2 |     9 |     3 ||    15
       Scroll            |       |       |       |     6 |     1 ||     7
 Stab: Distracted        |       |     1 |     2 |     3 |     7 ||    13
       Invisible         |       |       |       |     9 |       ||     9
Armor: Scale mail        |    15 |     1 |       |       |       ||    16
       Chain mail        |       |     5 |    35 |    90 |       ||   130
       Skin              |       |       |       |     9 |       ||     9
       Plate armour      |       |       |       |    13 |   126 ||   139
Dodge: Dodged            |    10 |     8 |     8 |   108 |   111 ||   245
Block: Buckler           |     7 |     3 |    11 |   116 |   204 ||   341
       Reflection        |       |       |       |     1 |     6 ||     7

Table legend: (Time is in decaauts)
 A = Elapsed time spent in this place.
 B = Non-inter-level travel time spent in this place.
 C = Inter-level travel time spent in this place.
 D = Time resting spent in this place.
 E = Time spent auto-exploring this place.
 F = Levels seen in this place.
 G = Mean time per level.
                   A        B        C        D        E       F      G
               +--------+--------+--------+--------+--------+-----+--------+
         Total |   8785 |   8785 |      0 |   5093 |    570 |   1 | 8785.0 |
       Dungeon |   8785 |   8785 |      0 |   5093 |    570 |   1 | 8785.0 |
               +--------+--------+--------+--------+--------+-----+--------+

Top non-repeatable levels by time:
       D: 8785 daAuts
